 Dungeon Crawl Stone Soup version 0.29.0-13-gc9e81de378 (webtiles) character file.

Game seed: 15554222297312976768

1830 lmSkywalker the Summoner (level 9, -6/45 HPs)
             Began as a Tengu Summoner on Sept 9, 2022.
             Was an Initiate of Gozag.
             Killed by divine providence
             ... invoked by an orc priest
              (14 damage)
             ... on level 6 of the Dungeon.
             The game lasted 00:48:13 (8669 turns).

lmSkywalker the Summoner (Tengu Summoner)           Turns: 8669, Time: 00:48:13

Health: -6/45      AC:  6    Str: 10    XL:     9   Next: 11%
Magic:  18/21      EV: 15    Int: 17    God:    Gozag
Gold:   269        SH:  0    Dex: 16    Spells: 10/23 levels left

rFire   . . .      SeeInvis .   I - +1 trident (flame)
rCold   + . .      Faith    .   (no shield)
rNeg    . . .      Spirit   .   n - +0 robe {rC+}
rPois   .          Reflect  .   j - +0 hat
rElec   .          Harm     .   f - +0 cloak
rCorr   .          Rampage  .   p - +2 pair of gloves
Will    .....                   (boots unavailable)
Stlth   ++........              (no amulet)
HPRegen 0.15/turn               (no ring)
MPRegen 0.17/turn               (no ring)

@: flying quickly and evasively, quick
A: beak, talons 3, nimble flight
a: Renounce Religion, Potion Petition, Call Merchant, Bribe Branch


You were on level 6 of the Dungeon.
You worshipped Gozag.
Gozag was aware of your devotion.
You visited 2 branches of the dungeon, and saw 7 of its levels.

You collected 429 gold pieces.
You paid 160 gold pieces to Gozag.

Inventory:

Hand Weapons
 o - a +0 sling
 t - a +1 short sword of draining
 w - a +1 short sword of venom
 x - a +0 trident
 F - a +0 shortbow
 I - a +1 trident of flaming (weapon)
Missiles
 m - 6 poisoned darts (quivered)
Armour
 f - a +0 cloak (worn)
 i - a +0 buckler
 j - a +0 hat (worn)
 n - a +0 robe of cold resistance (worn)
 p - a +2 pair of gloves (worn)
 v - a +0 leather armour
Jewellery
 e - a ring of fire
 E - an amulet of faith
Wands
 u - a wand of charming (8)
Scrolls
 d - 2 scrolls of poison {unknown}
 h - 3 scrolls of identify {unknown}
 k - 2 scrolls of teleportation
 q - 2 scrolls of magic mapping {unknown}
 s - a scroll of enchant weapon {unknown}
 y - a scroll of summoning {unknown}
 D - a scroll of vulnerability {unknown}
 H - a scroll of noise {unknown}
 J - a scroll of blinking {unknown}
 K - a scroll of immolation {unknown}
Potions
 a - a potion of ambrosia {unknown}
 b - a potion of magic
 c - 2 potions of lignification {unknown}
 g - a potion of brilliance {unknown}
 l - 2 potions of heal wounds {unknown}
 r - 2 potions of mutation {unknown}
 z - a potion of resistance {unknown}
 A - a potion of invisibility {unknown}
 B - 2 potions of might {unknown}
 C - 2 potions of curing
 G - a potion of attraction {unknown}


   Skills:
 - Level 2.1 Dodging
 - Level 2.0 Stealth
 + Level 7.6 Spellcasting
 + Level 1.2 Hexes
 - Level 10.4 Summonings
 + Level 2.5 Air Magic


You had 10 spell levels left.
You knew the following spells:

 Your Spells              Type           Power      Damage    Failure   Level
a - Summon Small Mammal   Summ           100%       N/A       1%          1
b - Call Imp              Summ           41%        N/A       1%          2
c - Call Canine Familiar  Summ           41%        N/A       1%          3
d - Summon Lightning Spi  Summ/Air       28%        N/A       8%          4
e - Summon Guardian Gole  Hex/Summ       26%        N/A       3%          3

Your spell library contained the following spells:

 Spells                   Type           Power      Damage    Failure   Level
 Sandblast                Erth           12%        2d6       11%         1
 Passwall                 Tmut/Erth      5%         N/A       17%         2
 Stone Arrow              Conj/Erth      12%        3d7       32%         3
 Olgreb's Toxic Radiance  Pois           6%         N/A       73%         4
 Ozocubu's Refrigeration  Ice            3%         4d8       100%        7
 Ignition                 Fire           3%         3d4       100%        8


Dungeon Overview and Level Annotations

Branches:
Dungeon (6/15)             Temple (1/1) D:6

Altars:
Cheibriados
Dithmenos
Elyvilon
Fedhas
Gozag
Hepliaklqana
Kikubaaqudgha
Makhleb
Nemelex Xobeh
Okawaru
Qazlal
Ru
Sif Muna
Trog
Uskayaw
Vehumet
Wu Jian
Xom
Yredelemnul
Zin

Annotations:
D:2 exclusion: door
D:5 3 runed translucent doors, NinjaNoafa's ghost, novice DjNe


Innate Abilities, Weirdness & Mutations

You have a beak for a mouth.
You have claws for feet.
Your magical nature lets you fly swiftly and evasively.


Message History

Casting: Summon Small Mammal (safe; 1% risk of failure)
Confirm with . or Enter, or press ? or * to list all spells.
The orc priest calls down the wrath of Beogh upon you.
Beogh smites you!
Your crimson imp hits the orc priest.
Your hound bites the orc priest but does no damage.
Your quokka bites the orc priest but does no damage.
Your crimson imp barely misses the orc priest.
Your hound barely misses the orc priest.
Your quokka bites the orc priest.
The orc priest calls down the wrath of Beogh upon you.
Pain shoots through your body!
Your hound bites the orc priest.
Your crimson imp hits the orc priest but does no damage.
Your quokka barely misses the orc priest.
The orc wizard gestures wildly while chanting.
The orc wizard flickers and vanishes!
Deactivating autopickup; reactivate with Ctrl-A.
The orc priest calls down the wrath of Beogh upon you.
Your rat writhes in agony!
Your rat dies!
Your rat's corpse disappears in a puff of smoke!
Your hound bites the orc priest.
Your crimson imp barely misses the orc priest.
Your hound bites the orc priest but does no damage.
The orc priest invokes the aid of Beogh against you.
Beogh smites you!
* * * LOW HITPOINT WARNING * * *
Your hound barely misses the orc priest.
Your quokka bites the orc priest but does no damage.
Your crimson imp hits the orc priest.
Your hound bites the orc priest but does no damage.
Things that are here:
a +0 dagger; a kobold skeleton
Things that are here:
2 stones; a +0 short sword; a kobold skeleton
Items here: ( )) รท.
The orc priest mumbles some strange prayers to Beogh against you.
Beogh smites you!
You die...
Your body crumbles into a pile of gold.

.#...##.#####......#########.#...
#..#.##.# #.####...........##.#
.....##.#####o###...##...##.....#
........#.........######.##.....#
.#.#......o..###### #.........#
#.#.#...#)#### #.#..####.#
.#.#.#..(.# ####.##....#.#
#.>.#.....##########....####.....
.#.#.#.#.###....@....#######.....
#.#.#...)o(.h.................<..
.#.#...##########################
.......# ###...## #...# #####


You could see an orc priest and a friendly hound (summoned).

Vanquished Creatures
  A kobold brigand (D:6)
  A scorpion (D:3)
  2 orc priests
  3 hounds
  2 orc wizards
  An adder (D:3)
  A worm (D:3)
  3 orcs
  An endoplasm (D:4)
  5 goblins
  4 hobgoblins
  3 ball pythons
  2 bats
  3 kobolds
  5 rats
37 creatures vanquished.

Vanquished Creatures (collateral kills)
  A water moccasin (D:6)
  An orc warrior (D:5)
  A black bear (D:6)
  An ice beast (D:6)
  3 ogres
  A bullfrog (D:6)
  A gnoll sergeant (D:6)
  A scorpion (D:5)
  2 jellies (D:2)
  4 hounds
  2 orc priests
  4 iguanas
  4 orc wizards
  4 gnolls
  4 adders
  A shadow imp (D:3)
  2 white imps (D:6)
  A worm (D:3)
  2 dart slugs
  18 orcs
  A bat (D:1)
  16 endoplasms
  A giant cockroach (D:4)
  6 goblins
  2 hobgoblins (D:1)
  3 jackals (D:4)
  14 kobolds
  6 ball pythons
107 creatures vanquished.

Vanquished Creatures (others)
  9 fungi (D:2)
  5 plants (D:4)
  7 toadstools (D:2)
21 creatures vanquished.

Grand Total: 165 creatures vanquished

Notes
Turn   | Place    | Note
-------+----------+-------------------------------------------
     0 | D:1      | lmSkywalker the Tengu Summoner began the quest for the Orb.
     0 | D:1      | Reached XP level 1. HP: 10/10 MP: 4/4
   136 | D:1      | Reached skill level 5 in Summonings
   331 | D:1      | Reached XP level 2. HP: 13/15 MP: 6/6
   335 | D:1      | Learned a level 2 spell: Call Imp
  1263 | D:2      | Reached XP level 3. HP: 19/19 MP: 2/7
  2053 | D:2      | Reached XP level 4. HP: 24/24 MP: 5/9
  2064 | D:2      | Reached skill level 6 in Summonings
  2070 | D:2      | Learned a level 3 spell: Call Canine Familiar
  2160 | D:2      | Gained mutation: Your magical nature lets you fly swiftly
                  | and evasively. [Tengu growth]
  2160 | D:2      | Reached XP level 5. HP: 28/28 MP: 7/11
  2945 | D:3      | Found a glowing silver altar of Zin.
  3745 | D:3      | Reached XP level 6. HP: 16/32 MP: 2/13
  4063 | D:4      | Reached skill level 7 in Summonings
  4240 | D:4      | Reached XP level 7. HP: 36/36 MP: 4/15
  4431 | D:4      | Found a white marble altar of Elyvilon.
  4682 | D:4      | Reached skill level 5 in Spellcasting
  4766 | D:4      | Found a radiant altar of Vehumet.
  5160 | D:4      | Reached skill level 8 in Summonings
  5501 | D:5      | Entered Level 5 of the Dungeon
  5812 | D:5      | Found an iron altar of Okawaru.
  6309 | D:5      | Reached XP level 8. HP: 41/41 MP: 11/18
  6355 | D:5      | Reached skill level 9 in Summonings
  6494 | D:5      | Found a runed translucent gate.
  6494 | D:5      | Found a runed translucent gate.
  6494 | D:5      | Found a runed translucent gate.
  6496 | D:5      | Found an opulent altar of Gozag.
  6947 | D:5      | Learned a level 4 spell: Summon Lightning Spire
  6951 | D:5      | Learned a level 3 spell: Summon Guardian Golem
  7625 | D:5      | Reached skill level 10 in Summonings
  7759 | D:5      | Noticed NinjaNoafa's ghost (novice DjNe)
  8230 | D:6      | Reached skill level 1 in Air Magic
  8230 | D:6      | Reached XP level 9. HP: 43/45 MP: 15/21
  8274 | D:6      | Reached skill level 1 in Hexes
  8345 | D:6      | Found a staircase to the Ecumenical Temple.
  8381 | Temple   | Entered the Ecumenical Temple
  8518 | Temple   | Became a worshipper of Gozag Ym Sagoz the Greedy
  8669 | D:6      | Killed from afar by an orc priest

Illustrated notes

Levels and vault maps discovered:
D:1:      dpeg_arrival_fog, layout_loops_corners
D:2:      cheibrodos_fertilizer, layout_basic,
          dilly_ecumenical_altar_fadedgnrine, minmay_octomino_e4
D:3:      layout_loops_ring, mainiacjoe_overflow_catwalk
D:4:      layout_loops_ring, nicolae_elyvilon_temple_path,
          mainiacjoe_overflow_chevrons, hangedman_decor_opposing,
          grunt_ministairs_4, fountainhead
D:5:      layout_basic, mainiacjoe_overflow_concentric_impassable,
          ebering_ghost_gozag
D:6:      layout_rooms, minmay_temple_entry_grid, minmay_unpleasant_kobolds
Temple:   kb_temple_of_zot

Skill      XL: |  1  2  3  4  5  6  7  8  9 |
---------------+----------------------------+-----
Summonings     | 5 6 7 8 10 | 10.4
Spellcasting   | 3 4 6 7 |  7.6
Air Magic      | 1 2 |  2.5
Hexes          | 1 |  1.2
Dodging        | |  2.1
Stealth        | |  2.0

Action                   |  1- 3 |  4- 6 |  7- 9 || total
-------------------------+-------+-------+-------++-------
Melee: Short sword       |    22 |    24 |    25 ||    71
       Kick              |     5 |     6 |    11 ||    22
       Club              |     1 |       |       ||     1
       Peck              |     1 |     2 |     3 ||     6
       Punch             |       |     1 |       ||     1
       Trident           |       |       |     4 ||     4
Throw: Dart              |       |       |     1 ||     1
 Cast: Summon Small Mamm |    37 |    38 |    86 ||   161
       Call Imp          |    11 |    15 |    37 ||    63
       Call Canine Famil |       |     5 |    32 ||    37
  Use: Scroll            |       |     1 |       ||     1
 Stab: Sleeping          |     2 |     3 |     1 ||     6
       Distracted        |       |       |     2 ||     2
Armor: Robe              |    12 |     6 |    14 ||    32
Dodge: Dodged            |    22 |    14 |    39 ||    75
